 Dungeon Crawl Stone Soup version 0.22.1-1-ga44c0e5 (webtiles) character file.

6791 Folque the Arsonist (level 11, 0/112 HPs)
             Began as a Human Fire Elementalist on Oct 12, 2018.
             Was a Follower of Vehumet.
             Engulfed by a cloud of flame (17 damage)
             ... on level 10 of the Dungeon.
             The game lasted 00:53:18 (13938 turns).

Folque the Arsonist (Human Fire Elementalist)      Turns: 13938, Time: 00:53:19

Health: 0/112      AC: 25    Str: 10    XL:     11   Next: 25%
Magic:  0/18       EV:  2    Int: 19    God:    Vehumet [*.....]
Gold:   522        SH:  0    Dex: 14    Spells: 0/20 levels left

rFire    . . .     SeeInvis .   j - +2 mace (protect)
rCold    . . .     Gourm    .   (no shield)
rNeg     + + +     Faith    .   (armour currently unavailable)
rPois    +         Spirit   .   (helmet currently unavailable)
rElec    .         Reflect  .   (cloak currently unavailable)
rCorr    .         Harm     .   (gloves currently unavailable)
MR       .....     NoTele   +   (boots currently unavailable)
Stlth    ++........             (no amulet)
HPRegen  0.68/turn              (no ring)
MPRegen  0.16/turn              (no ring)

@: tree-form
A: regeneration 1, strong 1
a: Renounce Religion


You were on level 10 of the Dungeon.
You worshipped Vehumet.
Vehumet was aware of your devotion.
You were not hungry.
You were a tree.
You visited 2 branches of the dungeon, and saw 11 of its levels.

You collected 522 gold pieces.

Inventory:

Hand Weapons
 d - a +0 club
 e - a +0 whip
 j - a +2 mace of protection (weapon)
 m - a +1 quarterstaff
 o - a cursed -3 spear
 s - a cursed -3 dagger
 w - a +1 vampiric trident
 y - a cursed -2 dagger
 B - a +0 halberd
 D - a +2 whip of flaming
 G - a +1 great sword of electrocution
Missiles
 L - 4 tomahawks (quivered)
 N - a throwing net
Armour
 a - a +0 robe
 h - a +0 pair of gloves (melded)
 n - a +0 helmet (melded)
 x - a +1 troll leather armour (melded)
Jewellery
 C - a cursed -3 ring of evasion {unknown}
 E - an uncursed ring of protection from cold {unknown}
Wands
 f - a wand of paralysis (15)
 K - a wand of random effects (25)
Scrolls
 b - 3 scrolls of enchant weapon
 t - a scroll of amnesia
 u - a scroll of immolation
 v - 6 scrolls of identify
 z - 3 scrolls of remove curse
 H - a scroll of magic mapping
 J - a scroll of vulnerability {unknown}
 M - a scroll of holy word {unknown}
Potions
 g - a potion of berserk rage {unknown}
 i - a potion of curing
 k - a potion of lignification
 q - a potion of magic {unknown}
 r - 2 potions of haste
 A - a potion of mutation
 F - a potion of might {unknown}
 I - a potion of brilliance {unknown}
Comestibles
 c - 7 rations
 O - 8 chunks of flesh


   Skills:
 - Level 3.0 Fighting
 - Level 2.0 Armour
 + Level 7.2 Dodging
 - Level 2.0 Stealth
 - Level 5.0 Spellcasting
 - Level 8.0 Conjurations
 * Level 3.2 Hexes
 + Level 10.8 Fire Magic


You couldn't memorise any spells.
You knew the following spells:

 Your Spells              Type           Power        Failure   Level  Hunger
a - Flame Tongue          Conj/Fire      #####        1%          1    None
b - Conjure Flame         Conj/Fire      #####...     1%          3    ##.....
c - Inner Flame           Hex/Fire       ####....     1%          3    ##.....
d - Fireball              Conj/Fire      #####.....   7%          5    ######.
e - Shock                 Conj/Air       ###.         2%          1    None
f - Sticky Flame          Conj/Fire      #####...     2%          4    ####...
g - Tukima's Dance        Hex            ###.....     10%         3    ##.....

Your spell library contained the following spells:

 Spells                   Type           Power        Failure   Level  Hunger
 Throw Flame              Conj/Fire      #####.       1%          2    #......
 Corona                   Hex            ###....      3%          1    None
 Dazzling Spray           Conj/Hex       ####..       3%          3    ##.....
 Stone Arrow              Conj/Erth      ###...       7%          3    ##.....
 Ensorcelled Hibernation  Hex/Ice        ##....       10%         2    #......
 Confuse                  Hex            ###.....     10%         3    ##.....
 Sandblast                Erth           #.....       12%         1    None
 Passwall                 Tmut/Erth      #.......     19%         2    #......
 Petrify                  Tmut/Erth      #.......     77%         4    ####...
 Lee's Rapid Deconstruct  Erth           #.........   98%         5    ######.


Dungeon Overview and Level Annotations

Branches:
Dungeon (10/15)            Temple (1/1) D:7
   Lair: D:8-11         Orc: D:9-12

Altars:
Ashenzari
Cheibriados
Dithmenos
Elyvilon
Gozag
Hepliaklqana
Kikubaaqudgha
Makhleb
Nemelex Xobeh
Okawaru
Qazlal
Ru
Sif Muna
Trog
Uskayaw
Vehumet
Wu Jian
Xom
Yredelemnul
Zin
The Shining One

Shops:
D:6 }

Annotations:
D:7 exclusions: 2 doors and lava snake


Innate Abilities, Weirdness & Mutations

((You are partially covered in molten scales. (AC +2)))
Your natural rate of healing is unusually fast.
Your muscles are strong. (Str +2)


Message History

Your Hexes skill increases to level 3!
The zap hits the yak.
The yak is moderately wounded.
You are engulfed in blazing flames.
* * * LOW HITPOINT WARNING * * *
The crimson imp shouts, "Slither hence, thou dankish shard-borne varlet!"
The crimson imp hits you but does no damage.
The yak gores you but does no damage.
It was a potion of mutation.
You feel extremely strange.
Molten scales grow over part of your body.
You begin to heal more quickly.
You feel stronger.
You are engulfed in blazing flames.
* * * LOW HITPOINT WARNING * * *
The crimson imp hits you but does no damage.
The crocodile bites you but does no damage.
The yak gores you but does no damage.
As you read the scroll labeled QEINOI KOET, it crumbles to dust.
The creatures around you are filled with an inner flame!
It was a scroll of immolation.
You are engulfed in blazing flames.
You die...

.####..... ...>..t.#
......F ..... ...
#†## #%r## ##+##
##tY# ....# ##♣#
....# ######5###
....#######........#
....##....'........#
....#..####........+
.÷..#.## #........#
....'.# #........#
....### ####+#####
#####


You could see a yak (inner flame), a crocodile (inner flame), a crimson imp
(inner flame) and a quokka (inner flame).

Vanquished Creatures
  Pikel (D:6)
  A troll (D:9)
  Prince Ribbit (D:6)
  3 hippogriffs
  12 yaks
  A hornet zombie (D:8)
  4 orc warriors
  A sky beast (D:6)
  A black bear (D:9)
  4 ogres
  An ice beast (D:6)
  A slave (D:5)
  2 crocodiles
  2 centaurs
  7 bullfrogs
  2 scorpions
  5 killer bees (D:8)
  4 wights (D:8)
  2 howler monkeys
  3 crimson imps
  A bullfrog zombie (D:5)
  A centaur zombie (D:8)
  3 orc priests
  3 hounds
  8 orc wizards
  3 bullfrog skeletons
  A centaur skeleton (D:4)
  2 iguanas (D:8)
  4 worker ants
  A killer bee zombie (D:7)
  2 hound zombies
  A hound skeleton (D:6)
  Robin (D:4)
  7 gnolls
  12 adders
  2 howler monkey skeletons
  A shadow imp (D:9)
  An adder skeleton (D:7)
  3 worms
  5 dart slugs
  6 leopard geckos
  28 orcs
  A giant cockroach (D:4)
  11 goblins
  8 hobgoblins
  8 jackals
  7 kobolds
  6 quokkas
  2 ball pythons
  3 bats (D:1)
  7 frilled lizards
  A leopard gecko skeleton (D:7)
  2 leopard gecko zombies
  A quokka skeleton (D:7)
  A quokka zombie (D:8)
  9 rats
221 creatures vanquished.

Vanquished Creatures (others)
  A slave (D:6)
1 creature vanquished.

Grand Total: 222 creatures vanquished

Notes
Turn   | Place    | Note
-------+----------+-------------------------------------------
     0 | D:1      | Folque the Human Fire Elementalist began the quest for the
                  | Orb.
     0 | D:1      | Reached XP level 1. HP: 13/13 MP: 3/3
   135 | D:1      | Reached XP level 2. HP: 20/20 MP: 3/5
   621 | D:1      | Reached XP level 3. HP: 17/25 MP: 3/6
   626 | D:1      | Learned a level 3 spell: Conjure Flame
   655 | D:1      | Reached skill level 1 in Fighting
  1603 | D:2      | Reached skill level 4 in Fire Magic
  1603 | D:2      | Reached XP level 4. HP: 28/32 MP: 1/7
  1746 | D:2      | Learned a level 3 spell: Inner Flame
  2415 | D:3      | Reached XP level 5. HP: 30/37 MP: 5/8
  2820 | D:3      | Found a snail-covered altar of Cheibriados.
  2907 | D:4      | Found an opulent altar of Gozag.
  3141 | D:4      | Reached skill level 1 in Hexes
  3367 | D:4      | Reached XP level 6. HP: 40/43 MP: 5/10
  3532 | D:4      | Noticed Robin
  3756 | D:4      | Killed Robin
  3961 | D:4      | Found a radiant altar of Vehumet.
  4047 | D:5      | Entered Level 5 of the Dungeon
  4112 | D:5      | Learned a level 5 spell: Fireball
  4843 | D:5      | Found an iron altar of Okawaru.
  4851 | D:5      | Reached XP level 7. HP: 42/48 MP: 10/12
  4887 | D:5      | Found a white marble altar of Elyvilon.
  4889 | D:5      | Found a hazy altar of Hepliaklqana.
  4889 | D:5      | Found a basalt altar of Yredelemnul.
  4891 | D:5      | Found an ornate altar of the Wu Jian Council.
  4901 | D:5      | Reached skill level 5 in Fire Magic
  4902 | D:5      | Found a stormy altar of Qazlal.
  5893 | D:6      | Noticed Pikel
  5993 | D:6      | Reached skill level 6 in Fire Magic
  5993 | D:6      | Reached XP level 8. HP: 54/54 MP: 4/14
  6336 | D:6      | Found a shimmering altar of Xom.
  6657 | D:6      | Found Ruxaih's Gadget Shoppe.
  6682 | D:6      | Noticed Prince Ribbit
  6711 | D:6      | Killed Prince Ribbit
  6711 | D:6      | Reached skill level 5 in Spellcasting
  6711 | D:6      | Reached skill level 5 in Conjurations
  6711 | D:6      | Reached skill level 7 in Fire Magic
  6888 | D:6      | Killed Pikel
  6888 | D:6      | Reached skill level 8 in Fire Magic
  6888 | D:6      | Reached XP level 9. HP: 62/62 MP: 0/16
  7938 | D:4      | Became a worshipper of Vehumet
  8012 | D:8      | Noticed a hippogriff
  9495 | D:7      | Found a staircase to the Ecumenical Temple.
  9504 | Temple   | Entered the Ecumenical Temple
  9657 | D:8      | Reached skill level 9 in Fire Magic
  9846 | D:8      | Killed a hippogriff
  9846 | D:8      | Reached XP level 10. HP: 57/70 MP: 2/17
 10406 | D:8      | Reached skill level 5 in Dodging
 10953 | D:8      | Reached * piety under Vehumet
 10953 | D:8      | Offered knowledge of Shock by Vehumet.
 10956 | D:8      | Learned a level 1 spell: Shock
 10961 | D:8      | Learned a level 4 spell: Sticky Flame
 11352 | D:8      | Found a bloodstained altar of Trog.
 11780 | D:9      | Reached skill level 10 in Fire Magic
 12219 | D:9      | Reached skill level 1 in Armour
 13063 | D:9      | Reached XP level 11. HP: 60/75 MP: 3/18
 13550 | D:9      | Learned a level 3 spell: Tukima's Dance
 13754 | D:10     | Entered Level 10 of the Dungeon
 13937 | D:10     | Gained mutation: You are partially covered in molten
                  | scales. (AC +2) [potion of mutation]
 13937 | D:10     | Gained mutation: Your natural rate of healing is unusually
                  | fast. [potion of mutation]
 13937 | D:10     | Gained mutation: Your muscles are strong. (Str +2) [potion
                  | of mutation]
 13938 | D:10     | Engulfed by a cloud of flame

Skill      XL: |  1  2  3  4  5  6  7  8  9 10 11 |
---------------+----------------------------------+-----
Fighting       | 1 2 3 |  3.0
Fire Magic     | 4 6 8 9 10 | 10.8
Conjurations   | 2 3 4 5 6 7 8 |  8.0
Hexes          | 1 3 |  3.2
Spellcasting   | 3 4 5 |  5.0
Dodging        | 4 6 7 |  7.2
Armour         | 2 |  2.0
Stealth        | |  2.0

Action                   |  1- 3 |  4- 6 |  7- 9 | 10-12 || total
-------------------------+-------+-------+-------+-------++-------
Melee: Unarmed           |     4 |       |       |       ||     4
       Whip              |    25 |       |       |       ||    25
       Quarterstaff      |    14 |    70 |       |       ||    84
       Mace              |       |    12 |   170 |    18 ||   200
       Halberd           |       |       |    18 |    57 ||    75
Throw: Tomahawk          |       |     4 |    49 |     5 ||    58
 Cast: Flame Tongue      |    45 |    82 |   161 |    94 ||   382
       Conjure Flame     |     1 |     4 |    24 |    12 ||    41
       Inner Flame       |       |     7 |    18 |    13 ||    38
       Fireball          |       |       |    14 |    21 ||    35
       Shock             |       |       |       |     8 ||     8
       Sticky Flame      |       |       |       |     5 ||     5
Evoke: Wand              |       |       |     4 |     2 ||     6
  Use: Scroll            |       |     6 |     1 |     4 ||    11
       Potion            |       |     1 |     1 |     8 ||    10
 Stab: Sleeping          |     1 |     2 |     2 |     2 ||     7
       Paralysed         |       |       |     1 |     2 ||     3
  Eat: Chunk             |     3 |    12 |     9 |    17 ||    41
       Ration            |       |       |     5 |     1 ||     6
Armor: Robe              |    10 |    22 |    71 |     7 ||   110
       Skin              |       |       |       |    11 ||    11
       Troll leather arm |       |       |       |     1 ||     1
Dodge: Dodged            |    33 |   102 |   120 |    87 ||   342
